 Dungeon Crawl Stone Soup version 0.30-a0-553-g7fabdf1491 (webtiles) character file.

Game seed: 8389683148184071068

35449 bmack86 the Severer (level 13, -8/119 HPs)
             Began as a Minotaur Fighter on Dec 27, 2022.
             Was a High Priest of Okawaru.
             Mangled by a 20-headed hydra (9 damage)
             ... on level 5 of the Lair of Beasts.
             The game lasted 00:52:50 (16723 turns).

bmack86 the Severer (Minotaur Fighter)             Turns: 16723, Time: 00:52:51

Health: -8/119     AC: 41    Str: 27    XL:     13   Next: 47%
Magic:  16/16      EV:  7    Int:  5    God:    Okawaru [*****.]
Gold:   1479       SH: 17    Dex: 11    Spells: 12/12 levels left

rFire   + + .      SeeInvis .    d - +7 broad axe (protect)
rCold   . . .      Faith    .    U - +0 kite shield of Doomed Mirth {Will+ Stlth+}
rNeg    . . .      Spirit   .    O - +1 plate armour
rPois   .          Reflect  +    (helmet restricted)
rElec   .          Harm     .    I - +2 cloak
rCorr   .          Rampage  .    J - +1 pair of gloves of Ymnitil {Dex+2}
Will    +....                    P - +2 pair of boots of Kyolij {rF++} Stlth
                                 w - amulet of reflection
HPRegen 0.39/turn                t - +4 ring of protection
MPRegen 0.15/turn                k - +4 ring of protection

@: under a protective aura
A: horns 2, retaliatory headbutt
a: Renounce Religion, Heroism, Finesse, Duel


You were on level 5 of the Lair of Beasts.
You worshipped Okawaru.
Okawaru was extremely pleased with you.
You visited 3 branches of the dungeon, and saw 17 of its levels.
You also visited: Gauntlet.

You collected 1839 gold pieces.
You spent 360 gold pieces at shops.

Inventory:

Hand Weapons
 a - a +1 war axe
 d - a +7 broad axe of protection (weapon)
Missiles
 v - 10 poisoned darts
 y - 10 javelins
 z - 6 throwing nets
 N - 12 boomerangs
 R - 2 silver javelins (quivered)
Armour
 c - a +0 buckler
 I - a +2 cloak (worn)
 J - the +1 pair of gloves of Ymnitil (worn) {Dex+2}
   (You found it in a Gauntlet)

   Dex:       It affects your dexterity (+2).
 K - a scarf of harm
 O - a +1 plate armour (worn)
 P - the +2 pair of boots of Kyolij (worn) {rF++}
   (You found it in a Gauntlet)

   rF:        It greatly protects you from fire.
 U - the +0 kite shield of Doomed Mirth (worn) {Will+ Stlth+}
   (Okawaru gifted it to you on level 5 of the Lair of Beasts)

   Will:      It increases your willpower.
   Stlth:     It makes you more stealthy.
Jewellery
 i - a ring of protection from fire
 k - a +4 ring of protection (right hand)
 p - a ring of resist corrosion
 t - a +4 ring of protection (left hand)
 w - an amulet of reflection (around neck)
 E - a ring of see invisible
 G - a ring of flight
 T - a +6 ring of strength
Wands
 n - a wand of roots (2)
 r - a wand of paralysis (22)
 x - a wand of polymorph (16)
 L - a wand of flame (23)
 M - a wand of mindburst (8)
Scrolls
 b - a scroll of magic mapping
 f - 3 scrolls of teleportation
 o - 2 scrolls of noise
 C - 3 scrolls of fog
 H - a scroll of blinking
Potions
 e - 3 potions of brilliance
 g - 2 potions of lignification
 h - 5 potions of attraction
 j - a potion of haste
 l - 4 potions of flight
 m - 3 potions of mutation
 q - 8 potions of curing
 s - 3 potions of ambrosia
 u - a potion of invisibility
 A - 2 potions of cancellation
 B - 2 potions of heal wounds
 F - 2 potions of degeneration
 Q - 3 potions of might
 S - a potion of magic
 V - a potion of resistance
Miscellaneous
 D - a piece from Xom's chessboard (15/15)


   Skills:
 + Level 12.7 Fighting
 * Level 17.0 Axes
 + Level 0.4 Throwing
 + Level 12.7 Armour
 + Level 12.6 Shields
 + Level 6.0 Invocations


You had 12 spell levels left.
You didn't know any spells.
Your spell library contained the following spells:

 Spells                   Type           Power      Damage    Failure   Level
 Kiss of Death            Conj/Necr      0%         2d5       100%        1
 Necrotise                Necr           0%         1d4       100%        1
 Blink                    Tloc           0%         N/A       100%        2
 Momentum Strike          Conj/Tloc      0%         3d8       100%        2
 Confusing Touch          Hex            0%         N/A       100%        3
 Inner Flame              Hex/Fire       0%         N/A       100%        3
 Kindle Blastsparks       Fire/Tloc/Air  0%         2d10      100%        3
 Lesser Beckoning         Tloc           0%         N/A       100%        3
 Portal Projectile        Hex/Tloc       0%         N/A       100%        3
 Vampiric Draining        Necr           0%         2d6       100%        3
 Dispel Undead            Necr           0%         3d6       100%        4
 Flame Wave               Conj/Fire      0%         2d4       100%        4
 Fulminant Prism          Conj/Hex       0%         3d5       100%        4
 Iskenderun's Mystic Bla  Conj/Tloc      0%         2d3       100%        4
 Leda's Liquefaction      Hex/Erth       0%         N/A       100%        4
 Passage of Golubria      Tloc           0%         N/A       100%        4
 Sticky Flame             Conj/Fire      0%         2d3       100%        4
 Agony                    Necr           0%         N/A       100%        5
 Lee's Rapid Deconstruct  Erth           0%         3d4*      100%        5
 Yara's Violent Unravell  Hex/Tmut       0%         3d3       100%        5
 Call Canine Familiar     Summ           Unusable   N/A       N/A         3
 Tukima's Dance           Hex            Unusable   N/A       N/A         3

Dungeon Overview and Level Annotations

Branches:
Dungeon (11/15)            Temple (1/1) D:4            Lair (5/5) D:11
 Shoals (0/4) Lair:3        Snake (0/4) Lair:2      Gauntlet (visited)
  Slime: Lair:4-5       Orc: D:9-12

Altars:
Ashenzari
Cheibriados
Dithmenos
Elyvilon
Fedhas
Gozag
Hepliaklqana
Kikubaaqudgha
Makhleb
Nemelex Xobeh
Okawaru
Qazlal
Ru
Sif Muna
Trog
Uskayaw
Vehumet
Wu Jian
Xom
Yredelemnul
Zin
The Shining One

Shops:
D:1 =

Annotations:
D:10 3 runed translucent doors, Encipher's ghost, journeyman KoHu


Innate Abilities, Weirdness & Mutations

You have a pair of horns on your head.
You reflexively headbutt those who attack you in melee.


Message History

The 19-headed hydra bites you but does no damage. x5
You barely miss the 19-headed hydra.
The 19-headed hydra is heavily wounded.
You feel like a meek peon again.
The 19-headed hydra bites you but does no damage.
You block the 19-headed hydra's attack.
The 19-headed hydra bites you but does no damage.
The 19-headed hydra barely misses you.
The 19-headed hydra bites you but does no damage.
You block the 19-headed hydra's attack. The 19-headed hydra bites you.
* * * LOW HITPOINT WARNING * * *
You block the 19-headed hydra's attack.
The 19-headed hydra bites you but does no damage.
The 19-headed hydra barely misses you. The 19-headed hydra closely misses you.
The 19-headed hydra barely misses you.
The 19-headed hydra bites you but does no damage. x5
The 19-headed hydra bites you.
* * * LOW HITPOINT WARNING * * *
The 19-headed hydra bites you.
* * * LOW HITPOINT WARNING * * *
You chop one of the 19-headed hydra's heads off!
The 18-headed hydra grows two more!
You hit the 20-headed hydra.
The 20-headed hydra is heavily wounded.
The 20-headed hydra bites you but does no damage.
You block the 20-headed hydra's attack.
The 20-headed hydra bites you but does no damage.
The 20-headed hydra bites you!
* * * LOW HITPOINT WARNING * * *
The 20-headed hydra bites you but does no damage.
You block the 20-headed hydra's attack.
The 20-headed hydra bites you but does no damage.
The 20-headed hydra bites you.
* * * LOW HITPOINT WARNING * * *
You block the 20-headed hydra's attack.
The 20-headed hydra bites you but does no damage.
The 20-headed hydra completely misses you.
The 20-headed hydra barely misses you. The 20-headed hydra bites you.
* * * LOW HITPOINT WARNING * * *
The 20-headed hydra bites you!
You die...

........#.P..##
.........##...#
.......###...##
......#.#.#.#
##.###..#..#.###
..#..........#
#...###.#....#
#.....†D##..#.#
..#....@####.##
#..#..#..# ##
#.......##
#.#.##### # #. #


You could see a 20-headed hydra.

Vanquished Creatures
  2 quicksilver oozes (Gauntlet)
  A minotaur (Gauntlet)
  A boulder beetle (Lair:2)
  A hydra (Lair:2)
  2 two-headed ogres
  An oklob plant (Lair:2)
  A manticore (D:11)
  A merfolk siren (Lair:3)
  16 elephants
  7 cane toads
  2 torpor snails
  An unseen horror (D:11)
  2 rime drakes
  6 komodo dragons
  3 merfolk (Lair:3)
  2 trolls
  3 polar bears
  The ghost of Pokonic1 the Trooper, an amateur DsFi (D:4)
  5 blink frogs (Lair:1)
  2 slime creatures (Gauntlet)
  7 dream sheep
  4 wyverns
  48 yaks
  2 basilisks
  A shadow (D:11)
  Grum (D:8)
  Eustachio (D:5)
  A steam dragon (D:7)
  2 nagas (Lair:2)
  2 wargs (D:11)
  12 water moccasins
  An acid dragon (D:9)
  2 ice beasts
  3 orc warriors
  A black bear (D:6)
  9 wolves
  6 ogres
  A phantom (D:6)
  2 centaurs (D:10)
  A kobold brigand (D:9)
  2 gnoll sergeants
  11 bullfrogs
  A necrophage (D:5)
  2 scorpions
  13 killer bees
  The ghost of PyroL the Chiller, a weakling DrIE (D:3)
  2 howler monkeys
  3 jellies
  4 hounds
  4 orc priests
  Crazy Yiuf (D:2)
  A gnoll bouda (D:7)
  An iguana (D:6)
  Natasha (thrice) (D:2)
  10 orc wizards
  20 gnolls
  11 adders
  A shadow imp (D:7)
  3 white imps
  2 ufetubi
  A worm (D:2)
  4 dart slugs
  28 orcs
  9 bats
  9 endoplasms
  2 giant cockroaches
  3 hobgoblins
  7 jackals
  5 kobolds (D:9)
  2 quokkas
  7 ball pythons
  4 frilled lizards
  6 goblins
  7 rats
  A bush (Lair:4)
358 creatures vanquished.

Vanquished Creatures (others)
  A bush (Lair:4)
  11 fungi
  59 plants
71 creatures vanquished.

Grand Total: 429 creatures vanquished

Notes
Turn   | Place    | Note
-------+----------+-------------------------------------------
     0 | D:1      | bmack86 the Minotaur Fighter began the quest for the Orb.
     0 | D:1      | Reached XP level 1. HP: 19/19 MP: 0/0
   106 | D:1      | Reached XP level 2. HP: 19/27 MP: 1/1
   131 | D:1      | Found Nesiegirph's Jewellery Shoppe.
   252 | D:1      | Reached skill level 3 in Axes
   403 | D:1      | Reached XP level 3. HP: 33/33 MP: 2/2
  1104 | D:2      | Found a radiant altar of Vehumet.
  1327 | D:2      | Found a runed translucent door.
  1328 | D:2      | Noticed Crazy Yiuf
  1428 | D:2      | Noticed Natasha
  1432 | D:2      | Killed Natasha
  1433 | D:2      | Reached XP level 4. HP: 33/41 MP: 3/3
  1537 | D:2      | Noticed Natasha
  1544 | D:2      | Killed Natasha
  1545 | D:2      | Reached skill level 4 in Axes
  1621 | D:2      | Noticed Natasha
  1625 | D:2      | Killed Natasha
  1626 | D:2      | Reached XP level 5. HP: 35/47 MP: 4/4
  1895 | D:2      | Killed Crazy Yiuf
  1976 | D:3      | You fall into a shaft and drop 2 floors!
  1976 | D:5      | Entered Level 5 of the Dungeon
  2162 | D:4      | Found a staircase to the Ecumenical Temple.
  2173 | Temple   | Entered the Ecumenical Temple
  2371 | D:4      | Found a stormy altar of Qazlal.
  2398 | D:4      | Found a shimmering blue altar of Sif Muna.
  2461 | D:4      | Found a runed translucent door.
  2461 | D:4      | Noticed Pokonic1's ghost (amateur DsFi)
  2497 | D:3      | Noticed a +0 falchion
  2498 | D:3      | Noticed a +0 dagger
  2498 | D:3      | Noticed a +0 falchion
  2498 | D:3      | Noticed a +0 short sword
  2498 | D:3      | Noticed a +0 dagger
  2498 | D:3      | Noticed a +0 short sword
  2499 | D:3      | Noticed a +0 spear
  2499 | D:3      | Noticed a +0 spear
  2510 | D:3      | Found a hide-covered altar of Uskayaw.
  2513 | D:3      | Reached skill level 5 in Axes
  2666 | D:3      | Found a runed translucent gate.
  2666 | D:3      | Noticed PyroL's ghost (weakling DrIE)
  2674 | D:3      | Reached XP level 6. HP: 55/55 MP: 5/5
  2706 | D:3      | Found a runed translucent gate.
  2706 | D:3      | Found a runed translucent gate.
  2710 | D:3      | Identified the +2 ring mail of Devotion {Str+2 Dex+2}
  2947 | D:4      | Reached skill level 5 in Armour
  2947 | D:4      | Reached skill level 5 in Shields
  2950 | D:4      | Reached skill level 5 in Fighting
  3424 | D:5      | Noticed Eustachio
  3446 | D:5      | Killed Eustachio
  3518 | D:5      | Reached skill level 6 in Axes
  3518 | D:5      | Reached XP level 7. HP: 61/61 MP: 6/6
  4085 | D:5      | Reached skill level 7 in Axes
  4708 | D:5      | Reached XP level 8. HP: 49/70 MP: 7/7
  5362 | D:6      | Found a sparkling altar of Nemelex Xobeh.
  5567 | D:6      | Found a hazy altar of Hepliaklqana.
  5630 | D:6      | Reached skill level 8 in Axes
  5869 | D:6      | Found a glowing golden altar of the Shining One.
  5978 | D:6      | Reached skill level 9 in Axes
  6248 | D:7      | Reached XP level 9. HP: 20/79 MP: 8/8
  6449 | D:7      | Found a basalt altar of Yredelemnul.
  6767 | D:7      | Found a burning altar of Makhleb.
  6822 | D:7      | Found a glowing silver altar of Zin.
  7444 | D:8      | Noticed a two-headed ogre
  7460 | D:8      | Killed a two-headed ogre
  7461 | D:8      | Reached skill level 10 in Axes
  8178 | D:8      | Noticed Grum
  8197 | D:8      | Killed Grum
  8203 | D:8      | Reached skill level 11 in Axes
  8482 | D:8      | Reached XP level 10. HP: 77/90 MP: 9/9
  8869 | D:8      | Found an ancient bone altar of Kikubaaqudgha.
  9321 | D:9      | Found a blossoming altar of Fedhas.
  9321 | D:9      | Found a faded altar of an unknown god.
  9337 | D:9      | Found an ornate altar of the Wu Jian Council.
  9342 | D:9      | Found an iron altar of Okawaru.
  9344 | D:9      | Found a faded altar of an unknown god.
  9350 | D:9      | Became a worshipper of Warmaster Okawaru
  9630 | D:9      | Reached skill level 12 in Axes
 10206 | D:3      | Killed PyroL's ghost
 10291 | D:4      | Killed Pokonic1's ghost
 10406 | D:1      | Bought an amulet of reflection for 360 gold pieces
 10586 | D:10     | Entered Level 10 of the Dungeon
 10798 | D:10     | Found a runed translucent gate.
 10799 | D:10     | Found a runed translucent gate.
 10800 | D:10     | Found a runed translucent gate.
 10800 | D:10     | Noticed Encipher's ghost (journeyman KoHu)
 10800 | D:10     | Noticed an 11-headed hydra
 10801 | D:10     | Noticed a ten-headed hydra
 10810 | D:10     | Reached * piety under Okawaru
 11288 | D:10     | Found a broken altar of Ashenzari.
 11537 | D:11     | Found a gate leading to a gauntlet.
 11550 | Gauntlet | Entered a Gauntlet
 11550 | Gauntlet | Noticed a sixfirhy
 11550 | Gauntlet | Found a transporter.
 11550 | Gauntlet | Found a transporter.
 11550 | Gauntlet | Found a transporter.
 11551 | Gauntlet | Found a transporter.
 11554 | Gauntlet | Found a transporter.
 11554 | Gauntlet | Found a transporter.
 11595 | Gauntlet | Found a transporter.
 11597 | Gauntlet | Found a transporter.
 11609 | Gauntlet | Found a transporter.
 11629 | Gauntlet | Found a transporter.
 11640 | Gauntlet | Noticed a quicksilver ooze
 11643 | Gauntlet | Found a transporter.
 11645 | Gauntlet | Found a transporter.
 11646 | Gauntlet | Noticed a quicksilver ooze
 11647 | Gauntlet | Found a runed translucent gate.
 11647 | Gauntlet | Found a runed translucent gate.
 11647 | Gauntlet | Found a runed translucent gate.
 11648 | Gauntlet | Found a large runed translucent door.
 11648 | Gauntlet | Found a large runed translucent door.
 11650 | Gauntlet | Found a large runed translucent door.
 11651 | Gauntlet | Found a large runed translucent door.
 11651 | Gauntlet | Found a large runed translucent door.
 11652 | Gauntlet | Found a large runed translucent door.
 11652 | Gauntlet | Found a large runed translucent door.
 11655 | Gauntlet | Found a large runed translucent door.
 11655 | Gauntlet | Found a large runed translucent door.
 11655 | Gauntlet | Found a runed translucent door.
 11655 | Gauntlet | Found a runed translucent door.
 11656 | Gauntlet | Found a large runed translucent door.
 11657 | Gauntlet | Found a large runed translucent door.
 11667 | Gauntlet | Found a large runed translucent door.
 11667 | Gauntlet | Found a large runed translucent door.
 11668 | Gauntlet | Found a large runed translucent door.
 11728 | Gauntlet | Found a large runed translucent door.
 11730 | Gauntlet | Found a large runed translucent door.
 11746 | Gauntlet | Killed a quicksilver ooze
 11746 | Gauntlet | Reached ** piety under Okawaru
 11747 | Gauntlet | Reached skill level 13 in Axes
 11747 | Gauntlet | Reached skill level 10 in Armour
 11747 | Gauntlet | Reached XP level 11. HP: 92/99 MP: 10/10
 11749 | Gauntlet | Identified the +1 pair of gloves of Ymnitil {Dex+2}
 11787 | Gauntlet | Killed a quicksilver ooze
 11788 | Gauntlet | Reached skill level 10 in Fighting
 11788 | Gauntlet | Reached skill level 10 in Shields
 11794 | Gauntlet | Identified the +2 pair of boots of Kyolij {rF++}
 11808 | Gauntlet | Noticed a minotaur
 11825 | Gauntlet | Killed a minotaur
 11825 | Gauntlet | Reached *** piety under Okawaru
 12173 | D:11     | Found a staircase to the Lair.
 12346 | D:11     | Noticed a two-headed ogre
 12356 | D:11     | Killed a two-headed ogre
 12562 | D:11     | Reached skill level 1 in Invocations
 12635 | Lair:1   | Entered Level 1 of the Lair of Beasts
 12666 | Lair:1   | Reached skill level 14 in Axes
 12834 | Lair:1   | Received a gift from Okawaru
 12877 | Lair:1   | Reached **** piety under Okawaru
 13010 | Lair:1   | Reached XP level 12. HP: 110/110 MP: 10/13
 13445 | Lair:1   | Reached skill level 15 in Axes
 13996 | Lair:2   | Noticed a six-headed hydra
 14007 | Lair:2   | Killed a ten-headed hydra
 14071 | Lair:2   | Noticed a boulder beetle
 14081 | Lair:2   | Killed a boulder beetle
 14279 | Lair:2   | Found a staircase to the Snake Pit.
 14606 | Lair:2   | Reached ***** piety under Okawaru
 15016 | Lair:3   | Reached skill level 16 in Axes
 15232 | Lair:3   | Found a staircase to the Shoals.
 15345 | Lair:3   | Reached skill level 5 in Invocations
 16043 | Lair:4   | Reached XP level 13. HP: 118/118 MP: 15/15
 16530 | Lair:4   | Identified a scroll of acquirement
 16530 | Lair:4   | Acquired 817 gold pieces
 16559 | Lair:5   | Entered Level 5 of the Lair of Beasts
 16623 | Lair:5   | Identified the +0 kite shield of Doomed Mirth {Will+
                  | Stlth+} (Okawaru gifted it to you on level 5 of the Lair of
                  | Beasts)
 16623 | Lair:5   | Received a gift from Okawaru
 16714 | Lair:5   | Reached skill level 17 in Axes
 16723 | Lair:5   | HP: 4/119 [20-headed hydra (6)]
 16723 | Lair:5   | HP: 1/119 [20-headed hydra (3)]
 16723 | Lair:5   | Mangled by a 20-headed hydra

Illustrated notes

Levels and vault maps discovered:
D:1:      minmay_arrival_jagged, layout_basic, serial_shops,
          nicolae_shop_advertising_works [nicolae_subvault_shop_adworks],
          minmay_tromino_i2
D:2:      layout_loops_ring, basic_altar, uniq_natasha, uniq_crazy_yiuf_cottage
D:3:      layout_basic, nicolae_uskayaw_en_pointe, biasface_ghost_orc_armoury
D:4:      layout_gridville, mainiacjoe_overflow_surrounded_room,
          nicolae_qazlal_general_emergency, minmay_temple_entry_tees,
          hellmonk_ghost_happy_afterlife
D:5:      layout_layer_cave, uniq_eustachio
D:6:      wad_river_or_something, layout_basic, nemelex_dance_club_becter,
          mainiacjoe_overflow_catwalk, nicolae_tso_swordbearing_angel
D:7:      layout_rooms, mainiacjoe_overflow_boulevard, bloody_makhleb,
          zin_academy
D:8:      layout_loops_ring, mainiacjoe_overflow_24_doors, minmay_microvault,
          uniq_grum
D:9:      layout_basic, chequers_temple_overflow_minitemple
D:10:     layout_loops_ring, ashenzari_altar_1, gammafunk_ghost_hydra_chop
D:11:     layout_long_grid, erik_lair_orcish_takeover, gauntlet_entry_generic
Temple:   hellmonk_temple_flake
Lair:1:   layout_small_grid
Lair:2:   layout_chaotic_city, guppyfry_snake_entry_island, grunt_megastairs_1,
          infiniplex_staircase_pool_2
Lair:3:   layout_cellular_growth, elwin_shoals_entry_stream, serial_forest,
          infiniplex_forest_clump_curved, infiniplex_forest_straight_1,
          infiniplex_forest_lined_ring, infiniplex_forest_clump_double,
          infiniplex_forest_split, infiniplex_forest_clump_long,
          infiniplex_forest_straight_4, serial_bayou_shore_a
Lair:4:   layout_hall_layers, nicolae_lair_grazing_beasts
          [nicolae_sub_lair_graze_edge, nicolae_sub_lair_graze_edge,
          nicolae_sub_lair_graze_edge, nicolae_sub_lair_graze_edge]
Lair:5:   grunt_lair_end_beastmaster, layout_cave_shapes,
          nicolae_slime_entry_slimehenge, patterned_corridor

Skill      XL: |  1  2  3  4  5  6  7  8  9 10 11 12 13 |
---------------+----------------------------------------+-----
Axes           | 3 4 5 6 7 9 11 13 14 16 17 | 17.0
Fighting       | 4 5 6 7 8 9 11 12 | 12.7
Armour         | 4 5 6 7 8 10 11 12 | 12.7
Shields        | 4 5 6 7 8 9 11 12 | 12.6
Invocations    | 2 5 6 |  6.0
Throwing       | |  0.4

Action                   |  1- 3 |  4- 6 |  7- 9 | 10-12 | 13-15 || total
-------------------------+-------+-------+-------+-------+-------++-------
Melee: War axe           |    84 |   107 |   255 |    95 |       ||   541
       Headbutt          |     9 |    16 |    50 |    97 |    28 ||   200
       Broad axe         |       |       |       |   356 |   127 ||   483
Throw: Dart              |       |       |       |    10 |       ||    10
       Javelin           |       |       |       |     9 |       ||     9
       Throwing net      |       |       |       |     5 |       ||     5
Invok: Heroism           |       |       |       |    25 |     3 ||    28
       Finesse           |       |       |       |     1 |     1 ||     2
  Use: Scroll            |     2 |     3 |     2 |    21 |     4 ||    32
       Potion            |       |       |       |     2 |       ||     2
Armor: Scale mail        |    37 |    72 |   100 |       |       ||   209
       Chain mail        |       |       |     1 |    84 |       ||    85
       Plate armour      |       |       |       |   209 |   208 ||   417
Dodge: Dodged            |    51 |    62 |   107 |   146 |    81 ||   447
Block: Buckler           |    15 |    22 |    65 |   224 |    81 ||   407
       Reflection        |       |       |       |     4 |       ||     4
       Kite shield       |       |       |       |       |    67 ||    67

Table legend: (Time is in decaauts)
 A = Elapsed time spent in this place.
 B = Non-inter-level travel time spent in this place.
 C = Inter-level travel time spent in this place.
 D = Time resting spent in this place.
 E = Time spent auto-exploring this place.
 F = Levels seen in this place.
 G = Mean time per level.
                   A        B        C        D        E       F      G
               +--------+--------+--------+--------+--------+-----+--------+
         Total |  16746 |  15670 |   1076 |   1915 |   9280 |  18 |  930.3 |
       Dungeon |  12160 |  11168 |    992 |   1641 |   6469 |  11 | 1105.5 |
        Temple |    149 |    149 |      0 |      0 |    131 |   1 |  149.0 |
          Lair |   4022 |   3938 |     84 |    274 |   2546 |   5 |  804.4 |
      Gauntlet |    414 |    414 |      0 |      0 |    134 |   1 |  414.0 |
               +--------+--------+--------+--------+--------+-----+--------+

Top non-repeatable levels by time:
     D:8: 1673 daAuts
     D:5: 1530 daAuts
     D:6: 1490 daAuts
  Lair:2: 1311 daAuts
     D:1: 1233 daAuts
     D:9: 1083 daAuts
  Lair:3: 1071 daAuts
     D:2: 982 daAuts
     D:7: 972 daAuts
     D:4: 958 daAuts
  Lair:1: 945 daAuts
    D:10: 818 daAuts
    D:11: 736 daAuts
     D:3: 682 daAuts
  Lair:4: 547 daAuts
